Map: Oxide LE

Players

flashbang - Winner!

  • Race: Protoss Protoss
  • Spawn Location: 1:00

Chris

  • Race: Terran Terran
  • League: Bronze
  • Spawn Location: 7:00

VOD

Have the link to the VOD?

Description

Time

  • Played on: Nov. 23, 2020, 1:09 p.m.
  • Length: 18:29
Show
View Real Time Build Order
Export as new Build Order

flashbang Protoss - Winner!

Build Orders:  

Get SALT Encoding   

  12  0:00  Probe (Chrono Boost)  
  13  0:16  Probe  
  13  0:17  Pylon  
  14  0:28  Probe  
  15  0:40  Probe  
  15  0:41  Gateway  
  16  0:43  Assimilator  
  16  0:52  Probe  
  17  1:04  Probe  
  18  1:12  Forge  
  18  1:17  Probe  
  19  1:31  Cybernetics Core  
  19  1:40  Pylon  
  19  1:42  Zealot  
  21  1:52  Photon Cannon  
  21  2:03  Photon Cannon  
  21  2:04  Warp Gate (Chrono Boost)  
  21  2:05  Photon Cannon  
  21  2:13  Probe  
  22  2:20  Assimilator  
  22  2:25  Protoss Ground Weapons Level 1, Probe  
  23  2:37  Probe  
  23  2:42  Pylon  
  24  2:49  Probe  
  24  2:50  Pylon  
  25  3:01  Probe  
  26  3:13  Probe  
  26  3:17  Twilight Council  
  27  3:21  Gateway  
  27  3:24  Gateway  
  27  3:25  Probe  
  28  3:50  Nexus  
  28  4:00  Probe  
  29  4:07  Charge (Chrono Boost)  
  29  4:13  Probe  
  30  4:25  Probe  
  30  4:27  Gateway  
  31  4:31  Gateway  
  31  4:34  Pylon  
  30  4:53  Pylon  
  30  4:56  Pylon  
  30  4:57  Protoss Ground Weapons Level 2  
  31  5:00  Probe  
  31  5:21  Twilight Council, Photon Cannon  
  31  5:27  Photon Cannon  
  31  5:33  Zealot  
  33  5:52  Robotics Facility  
  33  5:54  Robotics Facility  
  33  5:59  Stalker x2  
  37  6:17  Nexus  
  37  6:25  Probe  
  38  6:32  Probe  
  39  6:37  Probe  
  40  6:44  Probe  
  41  6:49  Probe  
  42  6:56  Probe  
  43  7:01  Probe  
  43  7:08  Probe  
  45  7:11  Stalker x2  
  45  7:12  Stalker x2  
  45  7:14  Probe  
  54  7:20  Probe  
  55  7:26  Probe  
  55  7:27  Protoss Ground Armor Level 1 (Chrono Boost)  
  56  7:32  Probe  
  57  7:37  Pylon  
  57  7:38  Immortal, Probe  
  57  7:41  Pylon  
  62  7:45  Observer  
  62  7:49  Zealot x4  
  71  8:00  Probe  
  72  8:07  Probe  
  72  8:12  Probe  
  74  8:19  Probe  
  75  8:24  Probe  
  76  8:31  Probe  
  77  8:36  Probe  
  77  8:38  Robotics Bay  
  77  8:41  Gateway  
  78  8:43  Gateway  
  78  8:45  Blink  
  78  8:46  Gateway  
  78  8:56  Pylon  
  78  8:59  Pylon  
  78  9:02  Probe  
  79  9:04  Probe  
  80  9:13  Assimilator  
  80  9:14  Probe  
  80  9:15  Zealot x3, Assimilator  
  80  9:16  Zealot x2, Probe  
  92  9:26  Probe  
  92  9:28  Probe  
  92  9:29  Protoss Ground Weapons Level 3  
  94  9:54  Probe  
  95  10:19  Stalker x3  
  95  10:20  Stalker x5  
  111  10:23  Colossus x2  
  111  10:27  Probe  
  124  10:34  Assimilator, Probe  
  125  10:36  Assimilator  
  125  10:39  Probe  
  126  10:46  Probe  
  127  10:51  Probe  
  128  10:58  Probe  
  129  11:22  Immortal  
  129  11:24  Nexus  
  133  11:29  Pylon  
  133  11:32  Pylon  
  133  11:37  Pylon  
  133  11:40  Pylon  
  133  11:46  Pylon  
  133  11:47  Colossus, Probe x2  
  133  11:49  Pylon  
  133  11:53  Pylon  
  141  11:59  Probe  
  141  12:00  Probe  
  143  12:01  Immortal  
  143  12:07  Stargate  
  143  12:08  Stargate  
  147  12:12  Probe x2  
  149  12:18  Probe  
  149  12:21  Photon Cannon  
  150  12:23  Photon Cannon  
  150  12:24  Probe x2  
  150  12:25  Photon Cannon  
  150  12:27  Photon Cannon  
  152  12:30  Photon Cannon, Probe  
  152  12:36  Probe x2  
  141  12:38  Sentry x2  
  141  12:39  Sentry x3  
  141  12:41  Immortal x2  
  141  12:42  Probe  
  128  12:48  Probe  
  113  12:54  Probe  
  113  12:55  Void Ray  
  92  13:00  Probe  
  89  13:08  Zealot x8  
  105  13:28  Void Ray  
  105  13:32  Void Ray  
  113  13:54  Fleet Beacon  
  113  14:05  Void Ray  
  113  14:06  Templar Archives, Dark Shrine  
  113  14:07  Probe  
  113  14:09  Void Ray  
  114  14:15  Assimilator  
  122  14:18  Assimilator  
  122  14:20  Probe  
  123  14:32  Probe  
  124  14:46  Gateway, Void Ray  
  124  14:48  Gateway  
  128  14:53  Gateway  
  128  14:55  Gateway  
  128  14:58  Gateway  
  128  15:04  Colossus  
  134  15:09  Immortal  
  138  15:21  Probe  
  139  15:23  Void Ray  
  139  15:26  Nexus  
  139  15:31  Dark Templar  
  139  15:32  Dark Templar x2  
  139  15:33  Probe  
  139  15:35  Dark Templar  
  152  15:48  Immortal  
  156  15:58  Colossus  
  156  15:59  High Templar  
  156  16:00  High Templar x2  
  168  16:05  Archon x3  
  168  16:10  High Templar  
  170  16:14  Archon  
  170  16:23  Zealot  
  172  16:33  Pylon  
  172  16:34  Pylon x2  
  172  16:36  Pylon  
  172  16:37  Immortal  
  176  16:51  Colossus  
  182  16:59  Assimilator  
  182  17:03  Assimilator  
  182  17:17  Immortal  
  182  17:21  Pylon  
  186  17:23  Pylon  
  186  17:26  Pylon  
  198  17:31  Pylon  
  198  17:33  Pylon  
  197  18:16  Stalker x5  
Show
View Real Time Build Order
Export as new Build Order

Chris Terran 

Build Orders:  

Get SALT Encoding   

  12  0:02  SCV  
  14  0:14  SCV  
  14  0:24  Supply Depot  
  14  0:26  SCV  
  15  0:46  SCV  
  15  0:48  Supply Depot  
  16  0:52  Barracks  
  16  0:58  SCV  
  17  1:10  SCV, Supply Depot  
  18  1:15  Refinery  
  18  1:22  SCV  
  19  1:50  SCV  
  20  1:55  Supply Depot  
  20  2:02  SCV, Refinery  
  20  2:06  Barracks Tech Lab  
  21  2:14  SCV  
  22  2:17  Barracks Reactor  
  22  2:26  SCV  
  23  2:50  SCV  
  24  2:59  Marine x2  
  24  3:03  SCV  
  27  3:09  Engineering Bay  
  27  3:15  SCV, Factory  
  27  3:16  Marine  
  27  3:17  Marine  
  30  3:20  Supply Depot  
  30  3:27  SCV  
  31  3:34  Marine x2  
  31  3:39  SCV  
  34  3:48  Supply Depot  
  34  3:52  Marine x2  
  37  3:55  SCV  
  37  3:59  Terran Infantry Weapons Level 1  
  37  4:07  SCV  
  37  4:08  Factory Tech Lab  
  37  4:09  Starport  
  38  4:15  Armory  
  38  4:17  Marine  
  38  4:18  Marine  
  40  4:25  SCV  
  41  4:35  Marine x2  
  41  4:37  SCV  
  44  4:53  Marine x2  
  44  4:58  Supply Depot  
  46  5:13  Siege Tank  
  49  5:19  Marine  
  49  5:20  Marine  
  51  5:37  Marine x2  
  53  5:45  Siege Tank  
  56  5:55  Marine  
  56  5:56  Command Center  
  57  6:08  Supply Depot  
  57  6:17  Thor  
  63  6:21  Marine x2  
  65  6:28  Medivac  
  65  6:32  Supply Depot  
  67  6:39  Marine x2  
  69  6:48  Refinery  
  69  6:51  Orbital Command  
  69  6:57  Marine x2  
  69  6:58  Medivac  
  69  7:00  Siege Tank  
  76  7:15  Marine x2  
  78  7:32  Thor, Marine  
  78  7:33  Marine  
  86  7:40  Terran Infantry Weapons Level 2  
  86  7:45  Terran Vehicle Weapons Level 1  
  86  7:50  Marine  
  86  7:51  Marine  
  88  8:08  Marine x2  
  88  8:11  Refinery  
  88  8:12  SCV  
  91  8:21  Supply Depot  
  91  8:24  SCV  
  91  8:26  Marine x2  
  94  8:28  Supply Depot  
  94  8:36  SCV  
  95  8:44  Supply Depot  
  95  8:51  Siege Tank  
  95  8:53  Supply Depot  
  98  8:56  Marine  
  98  8:57  Marine  
  100  9:14  Marine x2  
  102  9:23  Siege Tank  
  105  9:29  Supply Depot  
  105  9:32  Marine x2  
  107  9:39  Medivac  
  109  9:50  Marine x2  
  111  9:55  Thor  
  111  9:57  Terran Infantry Weapons Level 3  
  117  10:07  Terran Vehicle And Ship Armor Level 1  
  117  10:08  Marine x2  
  117  10:09  Medivac  
  121  10:20  Smart Servos  
  121  10:26  Marine x2  
  123  10:38  Siege Tank  
  123  10:39  Medivac  
  128  10:43  Marine x2  
  130  11:01  Marine x2  
  132  11:09  Medivac  
  134  11:13  Siege Tank  
  137  11:19  Marine x2  
  139  11:37  Marine x2  
  141  11:55  Marine  
  141  11:58  Supply Depot  
  142  12:04  Supply Depot  
  142  12:19  Marine x2, Siege Tank  
  142  12:22  Supply Depot  
  147  12:28  Supply Depot  
  126  12:37  Marine x2  
  88  12:52  Siege Tank  
  88  12:55  Marine x2  
  81  13:13  Marine  
  82  13:23  Thor, Marine  
  83  13:27  Medivac  
  83  13:30  Marine  
  83  13:40  Marine  
  84  13:48  Marine  
  85  13:57  Medivac  
  85  13:58  Marine  
  88  14:06  Marine, Siege Tank  
  88  14:07  Terran Infantry Armor Level 1  
  92  14:13  Terran Vehicle Weapons Level 2  
  92  14:16  Marine  
  93  14:24  Marine  
  93  14:27  Medivac  
  96  14:34  Marine  
  97  14:39  Siege Tank  
  97  14:42  Marine  
  101  14:52  Marine  
  102  14:57  Medivac  
  102  14:59  Marine  
  104  15:01  Orbital Command  
  105  15:09  Marine  
  105  15:11  Siege Tank  
  109  15:14  Supply Depot  
  109  15:17  Marine  
  110  15:27  Medivac, Marine  
  113  15:35  Marine  
  114  15:43  Siege Tank  
  114  15:45  Marine  
  118  16:26  Marine x2  
  118  16:30  Medivac  
  122  16:37  Thor  
  128  16:43  Marine  
  128  16:44  Marine  
  130  17:00  Medivac  
  132  17:01  Marine x2  
  134  17:19  Marine x2  
  134  17:20  Thor  
  142  17:30  Medivac  
  144  17:37  Marine x2  
  146  17:55  Marine x2  
Tags
 
League
Bronze
Matchup
PvT
Spawn Locations
Cross Positions
Add a new tag
Caveats
  • Supply blocks, unpowered buildings, or Contaminate may cause inaccurate times.
  • Supply counts are checked every 10 seconds.